 Dungeon Crawl Stone Soup version 0.26-a0-958-gf3041fb45f (webtiles) character file.

Game seed: 11499047854950264234

3224 Descartes the Grappler (level 9, -5/80 HPs)
             Began as a Troll Monk on Nov 30, 2020.
             Killed from afar by an electric eel (9 damage)
             ... with a bolt of electricity
             ... on level 8 of the Dungeon.
             The game lasted 00:12:33 (6560 turns).

Descartes the Grappler (Troll Monk)                 Turns: 6560, Time: 00:12:33

Health: -5/80      AC:  9    Str: 21    XL:     9   Next: 66%
Magic:  8/8        EV: 11    Int:  6    God:
Gold:   514        SH:  0    Dex: 15    Spells: 8/8 levels left

rFire    . . .     SeeInvis .     - Unarmed
rCold    . . .     Faith    .   (no shield)
rNeg     . . .     Spirit   .   a - +1 robe
rPois    .         Reflect  .   (helmet restricted)
rElec    .         Harm     .   t - scarf {repulsion}
rCorr    .         Rampage  .   (gloves unavailable)
MR       +....                  (boots unavailable)
Stlth    ++........             (no amulet)
HPRegen  0.63/turn              c - ring of protection from magic
MPRegen  0.11/turn              (no ring)

@: repel missiles
A: large, unfitting armour, antennae 1, claws 3, slimy green scales 1,
regeneration 1, shaggy fur 1, tough skin 3
a: no special abilities


You were on level 8 of the Dungeon.
You visited 2 branches of the dungeon, and saw 9 of its levels.
You also visited: Ossuary.

You collected 514 gold pieces.

Inventory:

Hand Weapons
 g - a +0 hunting sling
 v - a +0 arbalest
 H - the +6 spear of Juhar {flame, rC+ Str-5 Dex+3}
   (You found it on level 7 of the Dungeon)

   It has been specially enchanted to burn those struck by it, causing extra
   injury to most foes and up to half again as much damage against particularly
   susceptible opponents.
   It affects your strength (-5).
   It affects your dexterity (+3).
   It protects you from cold.
Missiles
 b - 12 boomerangs
 h - 283 stones
 i - 72 arrows
 u - 102 bolts
 y - 5 javelins (quivered)
 E - a throwing net
Armour
 a - a +1 robe (worn)
 t - a scarf of repulsion (worn)
 G - a +0 cloak
Jewellery
 c - a ring of protection from magic (left claw)
Wands
 o - a wand of digging (11)
 p - a wand of paralysis (8)
 q - a wand of acid (10)
 z - a wand of flame (37)
Scrolls
 e - 3 scrolls of enchant armour
 m - 3 scrolls of teleportation
 s - 3 scrolls of remove curse
 x - a scroll of fear {unknown}
 B - 4 scrolls of noise
 D - 2 scrolls of amnesia {unknown}
 F - a scroll of blinking {unknown}
Potions
 d - 3 potions of cancellation
 f - 3 potions of magic
 k - 6 potions of brilliance
 l - a potion of heal wounds
 n - 2 potions of flight
 r - a potion of curing
 w - a potion of lignification
 A - 2 potions of might
 C - a potion of berserk rage


   Skills:
 - Level 2.4 Fighting
 - Level 2.4 Dodging
 - Level 1.0 Stealth
 + Level 13.4 Unarmed Combat


You had 8 spell levels left.
You didn't know any spells.
Your spell library contained the following spells:

 Spells                   Type           Power        Failure   Level
 Sting                    Tmut/Pois      #...         45%         1
 Poisonous Vapours        Pois/Air       #.....       58%         2
 Ignite Poison            Fire/Tmut/Pois #.......     83%         3
 Mephitic Cloud           Conj/Pois/Air  #.......     83%         3
 Olgreb's Toxic Radiance  Pois           #.......     99%         4


Dungeon Overview and Level Annotations

Branches:
Dungeon (8/15)             Temple (1/1) D:7            Lair (0/6) D:8
Ossuary (visited)

Altars:
Ashenzari
Cheibriados
Dithmenos
Elyvilon
Fedhas
Gozag
Hepliaklqana
Kikubaaqudgha
Nemelex Xobeh
Okawaru
Qazlal
Ru
Trog
Uskayaw
Vehumet
Wu Jian
Xom
Yredelemnul
Zin
The Shining One


Innate Abilities, Weirdness & Mutations

You are too large for most types of armour.
You have claws for hands.
Your natural rate of healing is unusually fast.
You are covered in fur. (AC +1)
You have extremely tough skin. (AC +3)
You have a pair of small antennae on your head.
You are partially covered in slimy green scales. (AC +2)


Message History

The bolt of electricity hits you!
* * * LOW HITPOINT WARNING * * *
The electric eel shoots out a bolt of lightning at you!
The bolt of electricity hits you.
* * * LOW HITPOINT WARNING * * *
You feel much better.
The electric eel shoots out a bolt of lightning at you!
The bolt of electricity hits you!
* * * LOW HITPOINT WARNING * * *
The bolt of electricity misses you.
The electric eel shoots out a bolt of lightning at you!
The bolt of electricity misses you. The bolt of electricity hits you!
* * * LOW HITPOINT WARNING * * *
The electric eel shoots out a bolt of lightning at you!
The bolt of electricity hits you.
* * * LOW HITPOINT WARNING * * *
The electric eel shoots out a bolt of lightning at you!
The bolt of electricity misses the electric eel.
The bolt of electricity hits you!
You die...

#...≈≈≈≈≈
#≈≈≈≈≈≈≈≈≈
#≈≈≈≈≈.≈.≈.
#≈≈≈≈≈≈....
#≈≈≈≈≈..>(≈
###≈≈≈≈≈.....
###..≈≈≈≈≈≈....
#.....;;≈≈.≈...
#.#@#..≈≈≈.≈..≈
#.#.#..≈≈.≈≈.≈≈
#.#.#....≈≈≈.≈≈
#.#<#...≈≈≈≈.≈≈
##.#†#.≈≈≈≈≈≈.≈.
#....#?..≈≈≈≈.≈[
#..###.≈≈..≈≈.≈.
#..##...........
#......[........


You could see 2 electric eels.

Vanquished Creatures
  A troll (D:8)
  A water moccasin (D:6)
  Purgy (D:3)
  An ice beast (D:5)
  2 orc warriors
  A sky beast (D:7)
  4 wolves
  An ogre (D:7)
  A phantom (D:6)
  2 centaurs
  An elf zombie (Ossuary)
  2 bullfrogs
  A scorpion (D:4)
  5 wights (D:6)
  4 howler monkeys
  An electric eel (D:8)
  2 bullfrog zombies
  3 orc priests
  4 hounds
  A human zombie (Ossuary)
  2 jellies
  2 iguanas
  Natasha (thrice) (D:4)
  7 orc wizards
  2 big kobold zombies (Ossuary)
  4 mummies (Ossuary)
  A howler monkey zombie (D:5)
  8 gnolls (D:6)
  5 adders
  3 white imps
  4 oozes
  An adder skeleton (D:5)
  An adder zombie (D:5)
  2 worms
  3 dart slugs (D:2)
  6 leopard geckos
  26 orcs
  5 ball pythons
  9 giant cockroaches
  A gnoll zombie (Ossuary)
  9 goblins
  4 hobgoblins (D:1)
  21 jackals
  3 quokkas
  A ball python skeleton (D:5)
  9 bats
  7 frilled lizards
  3 goblin zombies (Ossuary)
  A jackal zombie (Ossuary)
  8 kobolds
  2 kobold zombies (Ossuary)
  An orc zombie (Ossuary)
  5 rats
208 creatures vanquished.

Vanquished Creatures (others)
  An adder (D:8)
1 creature vanquished.

Grand Total: 209 creatures vanquished

Notes
Turn   | Place    | Note
-------+----------+-------------------------------------------
     0 | D:1      | Descartes the Troll Monk began the quest for the Orb.
     0 | D:1      | Reached XP level 1. HP: 22/22 MP: 0/0
    57 | D:1      | Reached XP level 2. HP: 10/29 MP: 1/1
   210 | D:1      | Reached skill level 4 in Unarmed Combat
   306 | D:1      | You fall into a shaft and drop 1 floor!
   313 | D:2      | Reached XP level 3. HP: 36/36 MP: 2/2
  1112 | D:2      | Reached XP level 4. HP: 44/44 MP: 3/3
  1165 | D:2      | Noticed an earth elemental
  1166 | D:2      | Found a stormy altar of Qazlal.
  1167 | D:2      | Noticed a fire elemental
  1168 | D:2      | Noticed a water elemental
  1168 | D:2      | Noticed an air elemental
  1309 | D:2      | Reached skill level 5 in Unarmed Combat
  1901 | D:3      | Noticed Purgy
  1909 | D:3      | Killed Purgy
  1910 | D:3      | Reached skill level 6 in Unarmed Combat
  1910 | D:3      | Reached XP level 5. HP: 42/50 MP: 4/4
  1939 | D:3      | Found a blossoming altar of Fedhas.
  2032 | D:3      | Found an ancient bone altar of Kikubaaqudgha.
  2210 | D:3      | Reached XP level 6. HP: 56/59 MP: 5/5
  2338 | D:4      | Reached skill level 7 in Unarmed Combat
  2338 | D:4      | Noticed Natasha
  2345 | D:4      | Killed Natasha
  2566 | D:4      | Noticed Natasha
  2573 | D:4      | Killed Natasha
  2803 | D:4      | Reached skill level 8 in Unarmed Combat
  2803 | D:4      | Reached XP level 7. HP: 58/66 MP: 6/6
  2922 | D:4      | Noticed Natasha
  2929 | D:4      | Killed Natasha
  3067 | D:5      | Entered Level 5 of the Dungeon
  3322 | D:5      | Reached skill level 9 in Unarmed Combat
  3761 | D:5      | Gained mutation: You have a pair of small antennae on your
                  | head. [potion of mutation]
  3761 | D:5      | Gained mutation: You are partially covered in slimy green
                  | scales. (AC +2) [potion of mutation]
  3838 | D:6      | Found a sand-covered staircase.
  3847 | Ossuary  | Entered an ossuary
  3917 | Ossuary  | Reached XP level 8. HP: 40/74 MP: 7/7
  3980 | Ossuary  | Reached skill level 10 in Unarmed Combat
  4236 | D:6      | Reached skill level 11 in Unarmed Combat
  4607 | D:6      | Reached XP level 9. HP: 78/80 MP: 8/8
  4809 | D:6      | Found a snail-covered altar of Cheibriados.
  4882 | D:6      | Reached skill level 12 in Unarmed Combat
  4984 | D:6      | Found an ornate altar of the Wu Jian Council.
  5098 | D:7      | Found a staircase to the Ecumenical Temple.
  5168 | Temple   | Entered the Ecumenical Temple
  5234 | D:7      | Found a white marble altar of Elyvilon.
  5236 | D:7      | Found an iron altar of Okawaru.
  5819 | D:7      | Got a crude spear
  5820 | D:7      | Identified the +6 spear of Juhar {flame, rC+ Str-5 Dex+3}
                  | (You found it on level 7 of the Dungeon)
  6203 | D:8      | Noticed a troll
  6224 | D:8      | HP: 4/80 [wolf (9)]
  6227 | D:7      | HP: 1/80 [wolf (5)]
  6367 | D:8      | Killed a troll
  6368 | D:8      | Reached skill level 13 in Unarmed Combat
  6415 | D:8      | Found a staircase to the Lair.
  6559 | D:8      | HP: 3/80 [electric eel/bolt of electricity (5)]
  6560 | D:8      | Killed from afar by an electric eel

Illustrated notes

Levels and vault maps discovered:
D:1:      lightli_arrival_isolated_outpost, layout_rooms, minmay_misc_feat_tiny,
          minivault_11
D:2:      layout_basic, nicolae_qazlal_style_of_elements, minmay_misc_feat_chi
D:3:      layout_loops_ring, kiku_gazebo_garden_becter, old_standard_altar,
          uniq_purgy
D:4:      layout_loops_ring, kennysheep_flooded_box, uniq_natasha
D:5:      layout_loops_ring, st_stairs_13, grunt_ministairs_10
D:6:      layout_loops_ring, marbit_many_paths, cheibrodos_worm_habitat,
          enter_ossuary_3, serial_park_tiny_1
D:7:      layout_cave_pods, grunt_temple_overflow_open, temple_fountains
D:8:      layout_loops_ring, nicolae_overflow_crystal_walls, erik_lair_island,
          minmay_chambers_of_fives
Temple:   cyrus_circular_temple

Skill      XL: |  1  2  3  4  5  6  7  8  9 |
---------------+----------------------------+-----
Unarmed Combat | 4 6 8 9 11 13 | 13.4
Fighting       | |  2.4
Dodging        | |  2.4
Stealth        | |  1.0

Action                   |  1- 3 |  4- 6 |  7- 9 || total
-------------------------+-------+-------+-------++-------
Melee: Unarmed           |   117 |   141 |   310 ||   568
       Punch             |     1 |     1 |    14 ||    16
       Spear             |       |       |     8 ||     8
  Use: Scroll            |       |       |    15 ||    15
       Potion            |       |       |     2 ||     2
 Stab: Sleeping          |     2 |     6 |     5 ||    13
Armor: Robe              |    59 |    47 |   121 ||   227
Dodge: Dodged            |    78 |    74 |   173 ||   325
       Repelled          |       |       |     3 ||     3

Table legend: (Time is in decaauts)
 A = Elapsed time spent in this place.
 B = Non-inter-level travel time spent in this place.
 C = Inter-level travel time spent in this place.
 D = Time resting spent in this place.
 E = Time spent auto-exploring this place.
 F = Levels seen in this place.
 G = Mean time per level.
                   A        B        C        D        E       F      G
               +--------+--------+--------+--------+--------+-----+--------+
         Total |   6492 |   6207 |    285 |      0 |   4942 |  10 |  649.2 |
       Dungeon |   6146 |   5869 |    277 |      0 |   4732 |   8 |  768.2 |
        Temple |     59 |     51 |      8 |      0 |     50 |   1 |   59.0 |
       Ossuary |    286 |    286 |      0 |      0 |    160 |   1 |  286.0 |
               +--------+--------+--------+--------+--------+-----+--------+

Top non-repeatable levels by time:
     D:7: 1236 daAuts
     D:2: 976 daAuts
     D:6: 968 daAuts
     D:5: 745 daAuts
     D:3: 729 daAuts
     D:4: 728 daAuts
     D:1: 613 daAuts
 Ossuary: 286 daAuts
     D:8: 148 daAuts
  Temple: 59 daAuts
